 Dungeon Crawl Stone Soup version 0.30-a0-715-gdb4ae3ece1 (webtiles) character file.

Game seed: 9211622939506455765

347 M4edhros the Insei (level 6, 0/38 HPs)
             Began as an Octopode Artificer on Jan 24, 2023.
             Succumbed to a scorpion's poison
             ... on level 4 of the Dungeon.
             The game lasted 00:01:24 (879 turns).

M4edhros the Insei (Octopode Artificer)              Turns: 879, Time: 00:01:24

Health: 0/38       AC:  2    Str: 12    XL:     6   Next: 59%
Magic:  6/6        EV: 13    Int: 13    God:
Gold:   60         SH:  0    Dex: 14    Spells: 5/5 levels left

rFire   . . .      SeeInvis .      - Unarmed
rCold   + . .      Faith    .    (no shield)
rNeg    . . .      Spirit   .    (helmet restricted)
rPois   .          Reflect  .    (no amulet)
rElec   .          Harm     .    (no ring)
rCorr   .          Rampage  .    (no ring)
Will    .....                    (no ring)
Stlth   +++                      (no ring)
HPRegen 0.26/turn                (no ring)
MPRegen 0.10/turn                (no ring)
                                 (no ring)
                                 (no ring)

@: lethally poisoned (0 -> -3)
A: almost no armour, amphibious, 8 rings, camouflage 1, gelatinous body 1,
(nimble swimmer 1), tentacles, cold resistance 1, shaggy fur 1
a: no special abilities


You were on level 4 of the Dungeon.
You visited 1 branch of the dungeon, and saw 4 of its levels.

You collected 60 gold pieces.

Inventory:

Missiles
 k - 6 poisoned darts (quivered)
Wands
 b - a wand of flame (11)
 c - a wand of charming (15)
 d - a wand of iceblast (5)
Scrolls
 a - a scroll of amnesia {unknown}
 e - a scroll of poison {unknown}
 g - 2 scrolls of identify {unknown}
 h - 2 scrolls of enchant weapon {unknown}
 i - a scroll of blinking {unknown}
 j - a scroll of magic mapping {unknown}


   Skills:
 - Level 1.0 Fighting
 - Level 2.3 Dodging
 - Level 1.3 Stealth
 + Level 6.4 Unarmed Combat
 - Level 3.2 Evocations


You had 5 spell levels left.
You didn't know any spells.
Your spell library contained the following spells:

 Spells                   Type           Power      Damage    Failure   Level
 Magic Dart               Conj           0%         1d3       30%         1
 Sandblast                Erth           0%         2d4       30%         1
 Call Imp                 Summ           0%         N/A       43%         2
 Passwall                 Tmut/Erth      0%         N/A       43%         2
 Mephitic Cloud           Conj/Pois/Air  0%         N/A       67%         3
 Stone Arrow              Conj/Erth      0%         3d7       67%         3


Dungeon Overview and Level Annotations

Branches:
Dungeon (4/15)
 Temple: D:4-7

Altars:
Xom

Shops:
D:2 (


Innate Abilities, Weirdness & Mutations

You cannot wear most types of armour.
You are amphibious.
You can wear up to eight rings at the same time.
Your skin changes colour to match your surroundings (Stealth+).
Your rubbery body absorbs attacks. (AC +1, EV +1)
((You are camouflaged when in or above water. (Stealth+)))
You have tentacles for arms and can constrict up to eight enemies at once.
Your flesh is cold resistant. (rC+)
You are covered in fur. (AC +1)


Message History

Ouch! That really hurt!
* * * LOW HITPOINT WARNING * * *
Aiming: Throw Flame
Press: ? - help, Shift-Dir - straight line, f/p - ogre
Aim: an ogre, wielding a +0 giant club (heavily wounded, 86% to hit)
The puff of flame misses the ogre.
The goblin shoots a sling bullet.
The sling bullet completely misses you.
Aiming: Throw Flame
Press: ? - help, Shift-Dir - straight line, f/p - ogre
Aim: an ogre, wielding a +0 giant club (heavily wounded, 86% to hit)
The puff of flame hits the ogre.
The ogre is severely wounded.
The goblin shoots a sling bullet.
The sling bullet closely misses you. The ogre closely misses you.
Aiming: Throw Flame
Press: ? - help, Shift-Dir - straight line, f/p - ogre
Aim: an ogre, wielding a +0 giant club (severely wounded, 86% to hit)
The puff of flame hits the ogre!
You kill the ogre!
The goblin shoots a sling bullet.
The sling bullet hits you.
* * * LOW HITPOINT WARNING * * *
Your Unarmed Combat skill increases to level 6!
Aiming: Throw Flame
Press: ? - help, Shift-Dir - straight line, f - goblin
Aim: a goblin, wielding a +0 sling (64% to hit)
The puff of flame hits the goblin!
You kill the goblin!
The scorpion attacks as you move away! The scorpion stings you!
* * * LOW HITPOINT WARNING * * *
You are lethally poisoned!
The scorpion poisons you!
* * * LOW HITPOINT WARNING * * *
You feel sick.
* * * LOW HITPOINT WARNING * * *
You feel sick.
* * * LOW HITPOINT WARNING * * *
You feel sick.
It was a potion of mutation.
You feel extremely strange.
You feel resistant to cold. Fur sprouts all over your body.
You die...

#.#. #####..## .....#
###..#. #.#.#.#.
###...... .........##
###........
.#.#.#.#.#.#
###....##....
...........##
####....####....
#.#.#.#.#.#.#
###....#### #....
...[.......###....###
#....
.#.#.#.#$#.#..s@#.##
#....
..............##...##
#...#
#.#.#.#.#.#.####....##
#..## .......)...##
#......# #..#
$#.#.#(#.#.# ###.<..#
#### ...)......##
###### #.#.#.#.#.# .
.....## #.#.#.


You could see a scorpion.

Vanquished Creatures
  Sigmund (D:2)
  An ogre (D:4)
  An iguana (D:4)
  An orc wizard (D:3)
  2 adders (D:2)
  2 dart slugs (D:1)
  2 orcs (D:3)
  3 ball pythons
  2 bats
  3 endoplasms
  A giant cockroach (D:1)
  A goblin (D:4)
  A hobgoblin (D:2)
  4 jackals (D:1)
  A quokka (D:2)
  A frilled lizard (D:3)
  2 kobolds
  3 rats
32 creatures vanquished.

Notes
Turn   | Place    | Note
-------+----------+-------------------------------------------
     0 | D:1      | M4edhros the Octopode Artificer began the quest for the
                  | Orb.
     0 | D:1      | Reached XP level 1. HP: 13/13 MP: 1/1
    32 | D:1      | Reached skill level 1 in Unarmed Combat
    55 | D:1      | Reached XP level 2. HP: 18/18 MP: 2/2
   143 | D:1      | Reached skill level 2 in Unarmed Combat
   195 | D:2      | Reached XP level 3. HP: 10/23 MP: 3/3
   275 | D:2      | Identified the +2 dagger of Aduf {flame, rElec rPois Int+3}
   282 | D:2      | Found Jiyd's Weapon Emporium.
   306 | D:2      | Reached skill level 3 in Unarmed Combat
   383 | D:2      | Noticed Sigmund
   390 | D:2      | Killed Sigmund
   391 | D:2      | Reached skill level 5 in Unarmed Combat
   391 | D:2      | Reached XP level 4. HP: 28/28 MP: 4/4
   391 | D:2      | Reached XP level 5. HP: 33/33 MP: 5/5
   412 | D:3      | Found a shimmering altar of Xom.
   441 | D:3      | Reached XP level 6. HP: 29/38 MP: 6/6
   870 | D:4      | Reached skill level 6 in Unarmed Combat
   878 | D:4      | HP: 1/38 [poisoned by a scorpion]
   879 | D:4      | Gained mutation: Your flesh is cold resistant. (rC+)
                  | [potion of mutation]
   879 | D:4      | Gained mutation: You are covered in fur. (AC +1) [potion of
                  | mutation]
   879 | D:4      | Succumbed to a scorpion's poison

Illustrated notes

Levels and vault maps discovered:
D:1:      lightli_arrival_quake, layout_basic, chequers_ecumenical_altar_lobes
D:2:      layout_rooms, serial_shops, shop, uniq_sigmund, uniq_jessica
D:3:      layout_rooms, tgw_trog, overflow_temple_1_default,
          nicolae_ashenzari_panopticon, gammafunk_ghost_cemetery, uniq_ijyb
D:4:      layout_cave_pods, hex_large, minmay_goblin_kobold_house

Skill      XL: |  1  2  3  4  5  6 |
---------------+-------------------+-----
Unarmed Combat | 1 2 5 6 |  6.4
Fighting       | |  1.0
Dodging        | |  2.3
Stealth        | |  1.3
Evocations     | |  3.2

Action                     |  1- 3 |  4- 6 || total
---------------------------+-------+-------++-------
  Melee: Unarmed           |    50 |    32 ||    82
         Constrict         |    13 |     7 ||    20
         Tentacles         |     9 |     7 ||    16
         Punch             |       |     2 ||     2
  Throw: Dart              |       |     1 ||     1
  Evoke: Wand              |       |     4 ||     4
    Use: Potion            |       |     1 ||     1
   Stab: Sleeping          |     4 |       ||     4
 Armour: Skin              |     4 |       ||     4
  Dodge: Dodged            |    28 |    22 ||    50

Table legend: (Time is in decaauts)
 A = Elapsed time spent in this place.
 B = Non-inter-level travel time spent in this place.
 C = Inter-level travel time spent in this place.
 D = Time resting spent in this place.
 E = Time spent auto-exploring this place.
 F = Levels seen in this place.
 G = Mean time per level.
                   A        B        C        D        E       F      G
               +--------+--------+--------+--------+--------+-----+--------+
         Total |    873 |    823 |     50 |     30 |    556 |   4 |  218.2 |
       Dungeon |    873 |    823 |     50 |     30 |    556 |   4 |  218.2 |
               +--------+--------+--------+--------+--------+-----+--------+

Top non-repeatable levels by time:
     D:4: 332 daAuts
     D:2: 229 daAuts
     D:1: 177 daAuts
     D:3: 133 daAuts
